 Dungeon Crawl Stone Soup version 0.18-a0-965-g9200175 (webtiles) character file.

39 dvd the Shield-Bearer (level 3, -6/34 HPs)
             Began as a Deep Dwarf Fighter on Jan 1, 2016.
             Mangled by a gnoll
             ... wielding a +0 halberd
              (9 damage)
             ... on level 2 of the Dungeon.
             The game lasted 00:03:11 (1136 turns).

dvd the Shield-Bearer (Deep Dwarf Fighter)          Turns: 1136, Time: 00:03:11

Health: -6/34      AC:  6    Str: 19    XL:     3   Next: 26%
Magic:  3/3        EV:  7    Int:  8    God:
Gold:   146        SH:  9    Dex: 13    Spells: 0 memorised, 2 levels left

rFire  . . .     SeeInvis .     s - +0 short sword (venom)
rCold  . . .     Gourm    .     b - +0 scale mail
rNeg   . . .     Faith    .     c - +0 shield
rPois  .         Spirit   .     (no helmet)
rElec  .         Dismiss  .     (no cloak)
rCorr  .         Reflect  .     (no gloves)
SustAt .         Harm     .     (no boots)
MR     .....                    (no amulet)
Stlth  ..........               (no ring)
                                (no ring)

@: non-regenerating, not resistant to hostile enchantments, extremely unstealthy
A: damage resistance, recharge devices, sense surroundings 1, slow regeneration
3
a: Device Recharging


You were on level 2 of the Dungeon.
You were not hungry.

You visited 1 branch of the dungeon, and saw 2 of its levels.

You collected 146 gold pieces.

Inventory:

Hand Weapons
 a - a +0 long sword
 s - a +0 short sword of venom (weapon)
Missiles
 w - 16 bolts of frost
 y - 7 bolts
Armour
 b - a +0 scale mail (worn)
 c - a +0 shield (worn)
Wands
 e - a wand of heal wounds (5/9)
 t - a wand of random effects (16/48)
Scrolls
 h - a scroll of noise {unknown}
 i - 5 scrolls of identify {unknown}
 j - a scroll of fog {unknown}
 l - 3 scrolls of remove curse {unknown}
 n - 3 scrolls of teleportation {unknown}
 p - a scroll of random uselessness {unknown}
 r - a scroll of fear {unknown}
 x - a scroll of blinking {unknown}
Potions
 d - 3 potions of might
 g - a potion of brilliance {unknown}
 o - a potion of curing {unknown}
 u - 3 potions of heal wounds {unknown}
 v - a potion of resistance {unknown}
Books
 q - a Young Poisoner's Handbook

   Spells                             Type                      Level
   a - Sting                          Conjuration/Poison           1
   b - Cure Poison                    Poison                       2
   c - Mephitic Cloud                 Conjuration/Poison/Air       3
   d - Olgreb's Toxic Radiance        Poison                       4
   e - Venom Bolt                     Conjuration/Poison           5
Comestibles
 f - a bread ration
 k - 2 chunks of flesh


   Skills:
 + Level 3.0 Fighting
 + Level 2.5 Long Blades
 + Level 0.1 Throwing
 + Level 3.5 Armour
 + Level 0.2 Dodging
 + Level 3.8 Shields


You had 2 spell levels left.
You didn't know any spells.

Dungeon Overview and Level Annotations

Branches:
Dungeon (2/15)

Altars:


Innate Abilities, Weirdness & Mutations

You are resistant to damage.
You can recharge devices by infusing magical energy.
You passively map a small area around you.
You do not regenerate naturally.


Message History

An adder comes into view.
You hit the gnoll.
The gnoll is poisoned.
The gnoll is moderately wounded.
The gnoll closely misses you.
You barely miss the gnoll.
The gnoll is heavily wounded.
You block the gnoll's attack. x2
You hit the gnoll.
You kill the gnoll!
The gnoll hits you from afar with a halberd.
You hit the gnoll but do no damage. You block the gnoll's attack.
Your shield prevents you from hitting the gnoll.
You block the gnoll's attack.
You barely miss the gnoll. The gnoll hits you with a halberd!
Your shield and scale mail prevent you from hitting the gnoll.
The gnoll hits you with a halberd!
You closely miss the gnoll. The gnoll hits you with a halberd!
* * * LOW HITPOINT WARNING * * *
The gnoll hits you from afar with a halberd!
You die...

#..#
#....##..<..
#.##
#....#......
#.#
#....#......
#g#
#...........
#g#
#........###
#S#
#....###....
#g# ###..###
#..>.
#.####...##
#....
#.@....###*
#....
######## **
#.... ,,*
##### , , ,
,. , , , ##
, * * * * ,


You could see 3 gnolls and an adder.

Vanquished Creatures
  A gnoll (D:2)
  A giant gecko (D:2)
  2 ball pythons (D:2)
  5 bats
  5 hobgoblins
  A giant newt (D:2)
  4 goblins
  4 kobolds
  5 rats
28 creatures vanquished.

Notes
Turn   | Place    | Note
--------------------------------------------------------------
     0 | D:1      | dvd the Deep Dwarf Fighter began the quest for the Orb.
     0 | D:1      | Reached XP level 1. HP: 20/20 MP: 1/1
   401 | D:1      | Reached XP level 2. HP: 27/27 MP: 2/2
  1053 | D:2      | Reached XP level 3. HP: 29/34 MP: 3/3
  1136 | D:2      | Mangled by a gnoll

Vault maps used:
D:1:      elethiomel_arrival_quiet
D:2:      minitemple, uniq_sigmund, uniq_natasha

Action                   || total
-------------------------++-------
Melee: Long sword        ||    45
       Short sword       ||    19
Throw: Javelin           ||    22
  Eat: Chunk             ||     1
